Map: Neon Violet Square LE

Players

puCK (Nina) - Winner!

  • Race: Protoss Protoss
  • League: Master
  • Spawn Location: 5:00

Raise

  • Race: Terran Terran
  • League: Master
  • Spawn Location: 11:00

VOD

Have the link to the VOD?

Description

Time

  • Played on: Nov. 15, 2017, 1:10 a.m.
  • Length: 5:23
Show
View Real Time Build Order
Export as new Build Order

puCK Protoss - Winner!

Build Orders: 1 Gate Expand 

Get SALT Encoding   

  12  0:01  Probe  
  13  0:15  Pylon  
  13  0:18  Probe  
  14  0:30  Probe (Chrono Boost)  
  15  0:37  Gateway  
  16  0:43  Probe (Chrono Boost)  
  16  0:46  Assimilator  
  16  0:50  Probe  
  17  1:03  Probe  
  18  1:15  Probe  
  19  1:27  Nexus  
  19  1:29  Probe  
  19  1:42  Cybernetics Core  
  19  1:43  Probe  
  20  1:48  Assimilator  
  20  1:55  Probe  
  20  2:00  Pylon  
  21  2:08  Probe  
  22  2:18  Warp Gate (Chrono Boost)  
  22  2:19  Stalker (Chrono Boost)  
  22  2:20  Probe  
  24  2:32  Probe  
  25  2:39  Stalker  
  27  2:44  Probe  
  27  2:50  Probe  
  28  2:59  Gateway  
  28  3:04  Gateway  
  28  3:07  Probe  
  28  3:10  Probe  
  30  3:20  Probe  
  30  3:25  Shield Battery, Probe  
  32  3:32  Probe  
  33  3:37  Probe (Chrono Boost)  
  36  3:49  Probe (Chrono Boost)  
  36  3:54  Probe x2 (Chrono Boost)  
  37  3:56  Stalker x2, Probe  
  37  3:59  Stalker  
  44  4:02  Pylon  
  44  4:03  Probe  
  44  4:06  Pylon  
  44  4:09  Probe  
  46  4:18  Pylon  
  46  4:21  Stalker  
  46  4:22  Stalker  
  50  4:24  Stalker  
  50  4:26  Probe  
  50  4:27  Probe  
  54  4:37  Shield Battery  
  54  4:38  Probe  
  55  4:39  Shield Battery  
  51  4:49  Stalker x3  
  51  4:52  Shield Battery  
  57  4:55  Probe  
  57  4:57  Probe  
  59  5:07  Probe, Twilight Council  
  59  5:11  Probe  
  59  5:13  Assimilator  
  61  5:14  Assimilator  
Show
View Real Time Build Order
Export as new Build Order

Raise Terran 

Build Orders: Cyclone Opening, Reaper Expand 

Get SALT Encoding   

  12  0:00  SCV  
  13  0:12  SCV  
  14  0:17  Supply Depot  
  14  0:25  SCV  
  15  0:39  SCV  
  15  0:40  Barracks  
  16  0:44  Refinery  
  16  0:51  SCV  
  17  1:03  SCV  
  18  1:15  SCV  
  19  1:28  Orbital Command  
  19  1:29  Reaper  
  20  1:43  Command Center  
  20  1:54  SCV  
  21  2:01  Marine  
  22  2:02  Supply Depot  
  22  2:06  SCV  
  23  2:12  Factory  
  23  2:16  Refinery  
  23  2:20  Barracks Reactor  
  23  2:25  SCV  
  24  2:37  SCV  
  24  2:53  SCV  
  24  2:55  Orbital Command  
  24  2:56  Marine x2  
  24  2:57  Cyclone  
  30  3:05  SCV  
  31  3:08  Starport  
  31  3:14  Marine x2  
  31  3:17  SCV  
  34  3:20  SCV  
  35  3:29  Factory Tech Lab, SCV  
  35  3:32  SCV  
  35  3:34  Marine x2  
  37  3:38  Supply Depot  
  39  3:41  SCV  
  39  3:44  Viking  
  39  3:45  SCV  
  43  3:50  Siege Tank  
  46  3:59  SCV  
  46  4:00  SCV  
  46  4:01  Liberator  
  48  4:07  Command Center  
  48  4:12  SCV x2  
  50  4:23  Supply Depot  
  53  4:27  Barracks  
  53  4:34  Barracks, Factory Tech Lab, Marine  
  54  4:42  SCV  
  54  4:45  SCV  
  48  4:54  SCV  
  47  5:06  SCV  
Tags
 
Add a new tag
Caveats
  • Supply blocks, unpowered buildings, or Contaminate may cause inaccurate times.
  • Supply counts are checked every 10 seconds.